 Dungeon Crawl Stone Soup version 0.31.0-9-g3a7656b989 (webtiles) character file.

Game seed: 13536292788457718033

445 qw the Ducker (level 6, -1/30 HPs)
             Began as a Spriggan Hunter on Feb 2, 2024.
             Succumbed to a scorpion's poison
             ... on level 4 of the Dungeon.
             The game lasted 00:00:07 (2452 turns).

qw the Ducker (Spriggan Hunter)                     Turns: 2452, Time: 00:00:08

Health: -1/30      AC:  2    Str:  7    XL:     6   Next: 72%
Magic:  3/7        EV: 22    Int: 11    God:
Gold:   148        SH:  0    Dex: 20    Spells: 5/5 levels left

rFire   . . .        a - +0 shortbow
rCold   . . .        (shield currently unavailable)
rNeg    + . .        c - +0 robe
rPois   .            (helmet restricted)
rElec   .            (no cloak)
rCorr   .            (gloves unavailable)
SInv    +            (boots unavailable)
Will    +....        j - amulet of guardian spirit
Stlth   ++           f - ring of positive energy
HPRegen 0.25/turn    (no ring)
MPRegen 0.10/turn

%: guardian spirit
@: lethally poisoned (-1 -> -15), very quick
A: very small, no large weapons, unfitting armour, see invisible, speed 3
a: no special abilities


You were on level 4 of the Dungeon.
You visited 1 branch of the dungeon, and saw 4 of its levels.

You collected 148 gold pieces.


Innate Abilities, Weirdness & Mutations

You are very small and have problems with some larger weapons.
You are too small for most types of armour.
You have supernaturally acute eyesight. (SInv)
You cover ground extremely quickly. (Speed+++)


   Skills:
 - Level 2.0 Fighting
 + Level 6.3 Ranged Weapons
 - Level 6.8 Dodging
 - Level 1.5 Stealth


You had 5 spell levels left.
You didn't know any spells.
Your spell library was empty.

Inventory:

Hand Weapons
 a - a +0 shortbow (weapon)
Armour
 c - a +0 robe (worn)
Jewellery
 f - a ring of positive energy (left hand)
 j - an amulet of guardian spirit (around neck)
Wands
 h - a wand of iceblast (3)
Scrolls
 b - a scroll of enchant armour
 k - a scroll of identify
Potions
 d - a potion of resistance {unknown}
 e - 2 potions of curing {unknown}
 g - a potion of attraction {unknown}
 i - 2 potions of might

Dungeon Overview and Level Annotations

Branches:
Dungeon (4/15)
 Temple: D:4-7

Altars:
Trog

Shops:
D:2 :


Message History

A scorpion comes into view.
You shoot an arrow. The arrow hits the scorpion.
The scorpion is lightly wounded.
You shoot an arrow. The arrow hits the scorpion.
The scorpion is moderately wounded.
The scorpion barely misses you. x2
You shoot an arrow. The arrow closely misses the scorpion.
The scorpion stings you but does no damage.
You shoot an arrow. The arrow hits the scorpion.
The scorpion is heavily wounded.
The scorpion closely misses you.
You shoot an arrow. The arrow barely misses the iguana.
The scorpion stings you.
You are poisoned.
The scorpion poisons you! The iguana barely misses you.
The scorpion stings you.
You are more poisoned.
The scorpion poisons you!
You shoot an arrow. The arrow hits the iguana.
The iguana is heavily wounded.
You feel very sick. The iguana bites you. The scorpion completely misses you.
You shoot an arrow. The arrow closely misses the iguana.
You feel very sick. The scorpion barely misses you.
The iguana barely misses you.
You shoot an arrow.
The arrow hits the iguana but does no damage.
The iguana is heavily wounded.
You feel very sick. The scorpion completely misses you. The iguana bites you!
The scorpion stings you.
You are more poisoned.
The scorpion poisons you!
You shoot an arrow. The arrow hits the iguana.
The iguana is severely wounded.
You feel very sick. The iguana closely misses you.
The scorpion closely misses you. The iguana misses you.
You shoot an arrow. The arrow hits the iguana.
The iguana is almost dead.
You die...

..)....######.....#
###..#.#[.........# ..
#.##...####.....# ...
###.##.### #.....# ....
........## #....###....
.....##..####.##.#....#
.#####..............#
## #..#.####.#..l..#
#####.##.# ...#.@$..#
......##.##.###..s..#
###### #..#. ####.....[
..# ##.. ..##.. #.# #.
.# . #.#### # .. .....#
# #. .....#### .# #.
........#..#


You could see a scorpion and an iguana.

Vanquished Creatures
  Sigmund (D:2)
  Menkaure (D:4)
  2 sleepcaps (D:4)
  3 gnolls (D:4)
  3 adders
  A ribbon worm (D:4)
  An orc (D:3)
  3 endoplasms
  4 giant cockroaches
  2 hobgoblins (D:1)
  4 jackals (D:3)
  7 quokkas
  6 ball pythons
  5 bats
  6 goblins
  3 kobolds
  2 rats
54 creatures vanquished.

Notes
Turn   | Place    | Note
-------+----------+-------------------------------------------
     0 | D:1      | qw the Spriggan Hunter began the quest for the Orb.
     0 | D:1      | Reached XP level 1. HP: 10/10 MP: 2/2
     0 | D:1      | 0 ||| qw: Version: 0.3-a-155-g5e7d8dd
     0 | D:1      | 0 ||| qw: Game counter: 2836
     0 | D:1      | 0 ||| qw: Melee chars always use a shield: true
     0 | D:1      | 0 ||| qw: God list: Okawaru
     0 | D:1      | 0 ||| qw: Allow faded altars: false
     0 | D:1      | 0 ||| qw: Do Orc after clearing Dungeon:15 true
     0 | D:1      | 0 ||| qw: Do second Lair branch before Depths: true
     0 | D:1      | 0 ||| qw: Lair rune preference: random
     0 | D:1      | 0 ||| qw: Goals: Normal
     0 | D:1      | 0 ||| PLANNING D:1-11
    68 | D:1      | Reached skill level 3 in Dodging
   167 | D:1      | Reached XP level 2. HP: 14/14 MP: 3/3
   761 | D:1      | 761 ||| DROPPING amulet of magic regeneration.
   762 | D:1      | 762 ||| UPGRADING to amulet of guardian spirit.
   767 | D:1      | 767 ||| UPGRADING to ring of positive energy.
   768 | D:1      | 768 ||| READING scroll labelled SOVYDWOIHA.
   769 | D:1      | 769 ||| READING 2 scrolls labelled TONLUU ALODYNK.
   769 | D:1      | 769 ||| IDENTIFYING purple potion
   770 | D:1      | 770 ||| READING scroll of identify.
   770 | D:1      | 770 ||| IDENTIFYING murky coppery potion
   771 | D:1      | 771 ||| READING scroll labelled KAIHUI BAHAJ.
   772 | D:1      | 772 ||| DROPPING scroll of butterflies.
   815 | D:2      | Found a faded altar of an unknown god.
   972 | D:2      | Noticed Sigmund
   992 | D:2      | Killed Sigmund
   993 | D:2      | Reached skill level 6 in Ranged Weapons
   993 | D:2      | Reached XP level 3. HP: 16/18 MP: 4/4
   993 | D:2      | Reached XP level 4. HP: 20/22 MP: 5/5
   993 | D:2      | Reached XP level 5. HP: 22/25 MP: 6/6
  1007 | D:2      | Found a bloodstained altar of Trog.
  1047 | D:2      | Found Byhad's Book Shoppe.
  1392 | D:2      | 1392 ||| READING scroll labelled JEUTE GOGG.
  1493 | D:2      | 1493 ||| READING scroll labelled ROWNAA QIOCS.
  1746 | D:3      | Identified the +0 pair of boots of Aptiquc {Will+}
  2108 | D:3      | 2108 ||| READING 2 scrolls labelled RINEJ KONORPH.
  2108 | D:3      | 2108 ||| ENCHANTING +0 shortbow.
  2245 | D:4      | Reached XP level 6. HP: 26/30 MP: 5/7
  2257 | D:4      | HP: 7/30 [gnoll/+0 spear (2)]
  2258 | D:4      | 2258 ||| DRINKING potion of heal wounds.
  2363 | D:4      | Noticed Menkaure
  2366 | D:4      | 2366 ||| ZAPPING wand of iceblast (5) at 5,1 (Menkaure;
                  | floor).
  2367 | D:4      | 2367 ||| ZAPPING wand of iceblast (4) at 5,1 (Menkaure;
                  | floor).
  2367 | D:4      | Killed Menkaure
  2368 | D:4      | Reached skill level 6 in Dodging
  2450 | D:4      | HP: 7/30 [iguana (6)]
  2451 | D:4      | HP: 3/30 [poisoned by a scorpion]
  2452 | D:4      | Succumbed to a scorpion's poison

Levels and vault maps discovered:
D:1:      minmay_arrival_stone_box, layout_basic, serial_glass, glass_columns_a,
          glass_columns_a
D:2:      layout_loops_ring, basic_altar,
          shapermc_ecumenical_altar_mp_ritualfount, serial_shops, shop,
          uniq_sigmund
D:3:      layout_basic
D:4:      layout_rooms, uniq_menkaure

Skill      XL: |  1  2  3  4  5  6 |
---------------+-------------------+-----
Dodging        | 3 4 5 6 |  6.8
Ranged Weapons | 6 |  6.3
Fighting       | 2 |  2.0
Stealth        | |  1.5

Action                     |  1- 3 |  4- 6 || total
---------------------------+-------+-------++-------
   Fire: Shortbow          |    46 |   132 ||   178
  Evoke: Wand              |       |     2 ||     2
    Use: Scroll            |     4 |     3 ||     7
         Potion            |       |     1 ||     1
 Armour: Robe              |     2 |    35 ||    37
  Dodge: Dodged            |    14 |    95 ||   109

Table legend:
 A = Non-vault XP
 B = Vault XP
 C = Vault XP percentage of total XP
 D = Non-vault monster count
 E = Vault monster count
 F = Vault count percentage of total count
                 A         B        C        D         E       F
            +---------+---------+-------+---------+---------+-------
      Total |     242 |     395 |  62.0 |      52 |       2 |   3.7
            +---------+---------+-------+---------+---------+-------
        D:1 |      26 |       0 |   0.0 |      16 |       0 |   0.0
        D:2 |       8 |     223 |  96.5 |       5 |       1 |  16.7
        D:3 |      52 |       0 |   0.0 |      16 |       0 |   0.0
        D:4 |     156 |     172 |  52.4 |      15 |       1 |   6.2
            +---------+---------+-------+---------+---------+-------
